 Dungeon Crawl Stone Soup version 0.20.1-1-g8b1a95d (webtiles) character file.

74 vineage the Firebug (level 4, -1/36 HPs)
             Began as a Hill Orc Fire Elementalist on Oct 19, 2017.
             Slain by a worker ant (3 damage)
             ... on level 4 of the Dungeon.
             The game lasted 00:09:00 (3254 turns).

vineage the Firebug (Hill Orc Fire Elementalist)    Turns: 3254, Time: 00:09:00

Health: -1/36      AC:  2    Str: 10    XL:     4   Next: 30%
Magic:  0/6        EV: 12    Int: 16    God:
Gold:   115        SH:  4    Dex: 11    Spells: 3/6 levels left

rFire    + . .     SeeInvis .   (no weapon)
rCold    + . .     Gourm    .   (no shield)
rNeg     . . .     Faith    .   a - +0 robe
rPois    .         Spirit   .   (no helmet)
rElec    .         Reflect  .   (no cloak)
rCorr    .         Harm     .   (no gloves)
MR       .....                  (no boots)
Stlth    ++........             (no amulet)
Regen    0.2/turn               i - ring of protection from fire
MPRegen  0.1/turn               (no ring)

@: lethally poisoned (-1 -> -6), flying
A: large bone plates 1, cold resistance 1
a: no special abilities


You were on level 4 of the Dungeon.
You were not hungry.

You visited 1 branch of the dungeon, and saw 4 of its levels.

You collected 115 gold pieces.

Inventory:

Armour
 a - a +0 robe (worn)
Jewellery
 i - a ring of protection from fire (left hand)
Scrolls
 e - a scroll of identify
Potions
 l - a potion of invisibility
Books
 b - a book of Flames

   Spells                             Type                      Level
   a - Flame Tongue                   Conjuration/Fire             1
   b - Throw Flame                    Conjuration/Fire             2
   c - Conjure Flame                  Conjuration/Fire             3
   d - Inner Flame                    Hexes/Fire                   3
   e - Sticky Flame                   Conjuration/Fire             4
   f - Fireball                       Conjuration/Fire             5
Comestibles
 c - 2 bread rations


   Skills:
 * Level 2.1 Fighting
 - Level 1.6 Dodging
 - Level 1.5 Stealth
 - Level 0.7 Unarmed Combat
 + Level 1.9 Spellcasting
 + Level 1.2 Conjurations
 + Level 4.4 Fire Magic


You had 3 spell levels left.
You knew the following spells:

 Your Spells              Type           Power        Failure   Level  Hunger
a - Flame Tongue          Conj/Fire      ##...        7%          1    #......
b - Throw Flame           Conj/Fire      ##....       10%         2    ###....


Dungeon Overview and Level Annotations

Branches:
Dungeon (4/15)             Temple (0/1) D:4

Altars:

Annotations:
D:2 Sigmund
D:3 Grinder


Innate Abilities, Weirdness & Mutations

You are partially covered in large bone plates. (SH +4)
Your flesh is cold resistant. (rC+)


Message History

The flame tongue misses the worker ant.
You feel sick. The worker ant barely misses you.
Casting: Flame Tongue
Confirm with . or Enter, or press ? or * to list all spells.
You don't have enough magic to cast that spell.
Unknown command.
You feel very buoyant.
You fly up into the air.
The worker ant closely misses you.
You closely miss the worker ant.
The worker ant is severely wounded.
You feel sick. The worker ant closely misses you.
You hit the worker ant.
The worker ant is severely wounded.
You block the worker ant's attack.
You barely miss the worker ant.
The worker ant is severely wounded.
You feel sick. The worker ant bites you.
* * * LOW HITPOINT WARNING * * *
The worker ant bites you.
You die...

........##.........
.######.########...
#.# .. #.# .
###.#######
##.........#
#....#.#...#
#...#.#.#..##
#..#.#@#.#..#
......#.a.#.....
......#.#.#.#....
.......#.#.#.....
........#.#......
.................
................
...............


You could see a worker ant.

Vanquished Creatures
  An iguana (D:4)
  An adder (D:2)
  A dart slug (D:1)
  A leopard gecko (D:1)
  3 giant cockroaches (D:1)
  5 goblins (D:1)
  6 hobgoblins
  3 jackals (D:1)
  5 kobolds
  4 bats
  2 frilled lizards (D:2)
  2 rats
34 creatures vanquished.

Notes
Turn   | Place    | Note
-------+----------+-------------------------------------------
     0 | D:1      | vineage the Hill Orc Fire Elementalist began the quest for the Orb.
     0 | D:1      | Reached XP level 1. HP: 14/14 MP: 3/3
   543 | D:1      | Reached XP level 2. HP: 20/22 MP: 4/4
  1211 | D:1      | Learned a level 2 spell: Throw Flame
  1285 | D:1      | HP: 1/22 [jackal (1)]
  1610 | D:1      | Reached skill level 1 in Fighting
  1610 | D:1      | Reached skill level 4 in Fire Magic
  1610 | D:1      | Reached XP level 3. HP: 13/28 MP: 3/5
  1897 | D:2      | Noticed Sigmund
  1925 | D:2      | Gained mutation: Your flesh is cold resistant. (rC+) [potion of mutation]
  1925 | D:2      | Gained mutation: You are partially covered in large bone plates. (SH +4) [potion of mutation]
  2417 | D:2      | Found a faded altar of an unknown god.
  2881 | D:3      | Noticed Grinder
  2886 | D:3      | Paralysed by Grinder for 2 turns
  2911 | D:3      | Paralysed by Grinder for 7 turns
  3211 | D:4      | Reached XP level 4. HP: 32/36 MP: 0/6
  3232 | D:4      | Found a staircase to the Ecumenical Temple.
  3254 | D:4      | Slain by a worker ant

Skill      XL: |  1  2  3 |
---------------+----------+-----
Fighting       | 1 2 |  2.1
Fire Magic     | 4 |  4.4
Dodging        | |  1.6
Stealth        | |  1.5
Unarmed Combat | |  0.7
Spellcasting   | |  1.9
Conjurations   | |  1.2

Action                   |  1- 3 |  4- 6 || total
-------------------------+-------+-------++-------
Melee: Unarmed           |   159 |    11 ||   170
       Punch             |     1 |       ||     1
 Cast: Flame Tongue      |    39 |     5 ||    44
  Use: Scroll            |     7 |       ||     7
       Potion            |     5 |     1 ||     6
 Stab: Sleeping          |     2 |       ||     2
  Eat: Chunk             |     4 |       ||     4
       Bread ration      |     1 |       ||     1
       Royal jelly       |     1 |       ||     1
Armor: Robe              |    55 |     1 ||    56
       Skin              |     2 |       ||     2
Dodge: Dodged            |   134 |     8 ||   142
Block: Other             |    15 |     4 ||    19
